 Dungeon Crawl Stone Soup version 0.21.0-3-g78d12a8 (webtiles) character file.

1026 tilp the Destroyer (level 8, -13/67 HPs)
             Began as a Grey Draconian Conjurer on Jan 16, 2018.
             Was an Initiate of Vehumet.
             Mangled by Menkaure (22 damage)
             ... on level 6 of the Dungeon on Jan 17, 2018.
             The game lasted 00:21:20 (7918 turns).

tilp the Destroyer (Grey Draconian Conjurer)        Turns: 7918, Time: 00:21:21

Health: -13/67     AC: 12    Str: 12    XL:     8   Next: 2%
Magic:  12/14      EV: 12    Int: 22    God:    Vehumet [......]
Gold:   268        SH:  0    Dex: 11    Spells: 12/15 levels left

rFire    . . .     SeeInvis .   s - +0 whip (flame)
rCold    . . .     Gourm    .   (no shield)
rNeg     . . .     Faith    .   (armour unavailable)
rPois    .         Spirit   .   (helmet restricted)
rElec    .         Reflect  .   (no cloak)
rCorr    .         Harm     .   v - +0 pair of gloves
MR       .....                  (no boots)
Stlth    ++........             (no amulet)
HPRegen  0.21/turn              (no ring)
MPRegen  0.14/turn              (no ring)

@: brilliant
A: walk through water, unfitting armour, unbreathing, cold-blooded, AC +11
a: Renounce Religion


You were on level 6 of the Dungeon.
You worshipped Vehumet.
Vehumet was noncommittal.
You were very hungry.

You visited 2 branches of the dungeon, and saw 7 of its levels.
You also visited: Sewer.

You collected 268 gold pieces.

Inventory:

Hand Weapons
 m - a +0 dagger
 s - a +0 whip of flaming (weapon)
 C - a +0 vampiric hand axe
Missiles
 c - 109 stones (quivered)
 j - 69 arrows
 k - 22 bolts
 n - 36 sling bullets
Armour
 q - a +1 buckler of resistance
 v - a +0 pair of gloves (worn)
Jewellery
 i - an uncursed ring of resist corrosion {unknown}
 y - a cursed -3 ring of strength {unknown}
 B - the ring "Tuluux" {+Fly Str+4, unknown}
   (You took it off an orc on level 4 of the Dungeon)

   [ring of flight]

   It affects your strength (+4).
   It lets you fly.
 D - an uncursed ring of magical power {unknown}
 G - an uncursed ring of fire {unknown}
 H - an uncursed amulet of magic regeneration {unknown}
Wands
 u - a wand of enslavement (17)
 I - a wand of random effects (19)
Scrolls
 f - 2 scrolls of random uselessness {unknown}
 g - 2 scrolls of noise {unknown}
 h - 5 scrolls of identify {unknown}
 o - 2 scrolls of teleportation
 p - a scroll of amnesia {unknown}
 t - 2 scrolls of remove curse {unknown}
 w - a scroll of blinking {unknown}
 z - a scroll of enchant weapon {unknown}
 E - a scroll of fear {unknown}
Potions
 d - 2 potions of brilliance
 e - 2 potions of curing {unknown}
 l - 4 potions of flight
 r - a potion of invisibility {unknown}
 x - a potion of agility {unknown}
 A - a potion of mutation {unknown}
 F - 2 potions of berserk rage {unknown}
Books
 a - a book of Conjurations

   Spells                             Type                      Level
   a - Magic Dart                     Conjuration                  1
   b - Searing Ray                    Conjuration                  2
   c - Dazzling Spray                 Conjuration/Hexes            3
   d - Fulminant Prism                Conjuration/Hexes            4
   e - Force Lance                    Conjuration/Translocation    4
   f - Iskenderun's Mystic Blast      Conjuration                  4
Comestibles
 b - 13 rations


   Skills:
 + Level 4.5 Fighting
 - Level 1.7 Dodging
 - Level 1.7 Stealth
 + Level 4.4 Spellcasting
 - Level 8.0 Conjurations


You had 12 spell levels left.
You knew the following spells:

 Your Spells              Type           Power        Failure   Level  Hunger
a - Magic Dart            Conj           ####         1%          1    None
b - Searing Ray           Conj           ######       1%          2    #......


Dungeon Overview and Level Annotations

Branches:
Dungeon (6/15)             Temple (1/1) D:5

Altars:
Ashenzari
Cheibriados
Dithmenos
Elyvilon
Hepliaklqana
Kikubaaqudgha
Makhleb
Nemelex Xobeh
Sif Muna
Vehumet
Xom
Yredelemnul
Zin
The Shining One

Annotations:
D:3 vault - needs digging
D:6 Menkaure


Innate Abilities, Weirdness & Mutations

You can walk through water.
Your dull iron-grey scales are very hard. (AC +11)
You cannot fit into any form of body armour.
You can survive without breathing.
You are cold-blooded and may be slowed by cold attacks.


Message History

Menkaure hits you!!
* * * LOW HITPOINT WARNING * * *
You hit Menkaure but do no damage.
Menkaure is heavily damaged.
Menkaure hits you but does no damage. Menkaure barely misses you.
Casting: Searing Ray
Confirm with . or Enter, or press ? or * to list all spells.
Aiming: Searing Ray
Press: ? - help, Shift-Dir - straight line, f - Menkaure
Aim: Menkaure (heavily damaged, fast)
The searing ray hits Menkaure.
Menkaure is heavily damaged. (Press . to maintain the ray.) Menkaure hits you.
* * * LOW HITPOINT WARNING * * *
It was a potion of brilliance.
You feel clever all of a sudden. Menkaure hits you!!
You die...

..........#####
........###
.........##
...........#
.............# #
.............# .#
.............##.#
..?.............#
./.........@....#
..........M....##
................#
............>....#
...............#.#
......(........##.#
...............# ##
................#
................#


You could see Menkaure.

Vanquished Creatures
  A water moccasin (D:6)
  A sky beast (D:5)
  A scorpion (D:4)
  A howler monkey (D:4)
  A crimson imp (D:5)
  2 hounds (D:4)
  2 orc priests (D:5)
  A centaur skeleton (D:4)
  An orc wizard (D:5)
  A merfolk siren (Sewer)
  4 worker ants
  5 hound zombies (D:5)
  A hound skeleton (D:4)
  A mummy (D:5)
  Robin (D:1)
  A worker ant zombie (D:5)
  A gnoll (D:1)
  3 river rats (Sewer)
  8 adders
  3 oozes
  2 adder skeletons (D:5)
  2 adder zombies (D:5)
  A worm (D:5)
  5 dart slugs
  6 leopard geckos
  10 orcs
  5 ball pythons
  8 giant cockroaches
  18 goblins
  10 hobgoblins
  10 jackals
  2 quokkas
  2 ball python zombies (D:5)
  4 bats
  7 frilled lizards
  3 giant cockroach zombies (D:5)
  A jackal zombie (D:5)
  3 kobolds
  A leopard gecko skeleton (D:5)
  A leopard gecko zombie (D:5)
  2 quokka zombies
  28 rats
171 creatures vanquished.

Notes
Turn   | Place    | Note
-------+----------+-------------------------------------------
     0 | D:1      | tilp the Draconian Conjurer began the quest for the Orb.
     0 | D:1      | Reached XP level 1. HP: 14/14 MP: 3/3
   254 | D:1      | Reached XP level 2. HP: 10/20 MP: 1/5
   603 | D:1      | Reached skill level 5 in Conjurations
   751 | D:1      | Learned a level 2 spell: Searing Ray
   767 | D:1      | Reached XP level 3. HP: 23/26 MP: 6/6
  1862 | D:2      | Noticed Robin
  1880 | D:1      | Killed Robin
  1880 | D:1      | Reached XP level 4. HP: 24/33 MP: 0/7
  2133 | D:2      | Reached skill level 6 in Conjurations
  2324 | D:2      | Found a shattered altar of Ashenzari.
  2485 | D:2      | Reached XP level 5. HP: 38/38 MP: 3/8
  2797 | D:3      | Found a basalt altar of Yredelemnul.
  2911 | D:3      | Found a glowing drain.
  2956 | Sewer    | Entered a sewer
  3278 | Sewer    | Reached skill level 7 in Conjurations
  4144 | D:3      | Reached XP level 6. HP: 45/45 MP: 5/9
  4654 | D:4      | Found an ancient bone altar of Kikubaaqudgha.
  5034 | D:4      | Reached skill level 8 in Conjurations
  5181 | D:4      | Reached skill level 1 in Fighting
  5615 | D:4      | Found a glowing silver altar of Zin.
  5625 | D:4      | Your scales start taking on a dull iron-grey colour.
  5625 | D:4      | Reached XP level 7. HP: 53/53 MP: 5/10
  5625 | D:4      | Gained mutation: You can survive without breathing. [Grey Draconian growth]
  5636 | D:4      | Got a crude copper ring
  5948 | D:5      | Entered Level 5 of the Dungeon
  5952 | D:5      | Found a snail-covered altar of Cheibriados.
  7035 | D:5      | Found a staircase to the Ecumenical Temple.
  7043 | Temple   | Entered the Ecumenical Temple
  7162 | Temple   | Became a worshipper of Vehumet
  7679 | D:6      | Reached XP level 8. HP: 67/67 MP: 8/14
  7902 | D:6      | Noticed Menkaure
  7918 | D:6      | Mangled by Menkaure

Skill      XL: |  1  2  3  4  5  6  7 |
---------------+----------------------+-----
Conjurations   | 5 6 7 8 |  8.0
Fighting       | 1 4 |  4.5
Spellcasting   | 4 |  4.4
Dodging        | |  1.7
Stealth        | |  1.7

Action                   |  1- 3 |  4- 6 |  7- 9 || total
-------------------------+-------+-------+-------++-------
Melee: Unarmed           |     6 |       |       ||     6
       Tailslap          |    12 |    29 |    18 ||    59
       Club              |   118 |       |       ||   118
       Dagger            |       |   238 |       ||   238
       Whip              |       |    29 |   117 ||   146
 Cast: Magic Dart        |    48 |    21 |    11 ||    80
       Searing Ray       |     1 |    32 |    23 ||    56
Evoke: Wand              |       |     1 |       ||     1
  Use: Scroll            |       |     3 |       ||     3
       Potion            |       |       |     1 ||     1
 Stab: Sleeping          |     2 |     1 |       ||     3
  Eat: Chunk             |     4 |    15 |     7 ||    26
Armor: Skin              |    60 |   112 |    78 ||   250
Dodge: Dodged            |   106 |   207 |   118 ||   431
